 Dungeon Crawl Stone Soup version 0.18-a0-481-g9a22f0c (webtiles) character file.

1053 Proton the Shield-Bearer (level 8, -13/64 HPs)
             Began as a Formicid Fighter on Dec 2, 2015.
             Mangled by an orc warrior
             ... wielding a +0 trident
              (20 damage)
             ... on level 6 of the Dungeon.
             The game lasted 00:07:56 (4497 turns).

Proton the Shield-Bearer (Formicid Fighter)         Turns: 4497, Time: 00:07:56

Health: -13/64     AC: 11    Str: 23    XL:     8   Next: 51%
Magic:  7/7        EV:  3    Int:  6    God:
Gold:   225        SH: 10    Dex: 12    Spells: 0 memorised, 7 levels left

rFire  . . .     SeeInvis +     a - +0 war axe
rCold  . . .     Clarity  .     t - +0 chain mail
rNeg   . . .     SustAt   .     c - +0 shield
rPois  .         Gourm    .     (helmet unavailable)
rElec  .         Spirit   .     (no cloak)
rCorr  .         Dismiss  .     (no gloves)
rMut   .         Stasis   +     (no boots)
MR     .....                    (no amulet)
Stlth  ..........               (no ring)
                                (no ring)

@: not resistant to hostile enchantments, extremely unstealthy
A: permanent stasis, dig shafts and tunnels, four strong arms, antennae 3,
rugged brown scales 1, agile 1, dopey 1, low mp 1, spit poison 1
a: Dig, Shaft Self, Spit Poison


You were on level 6 of the Dungeon.
You were not hungry.

You visited 1 branch of the dungeon, and saw 6 of its levels.

You collected 225 gold pieces.

Inventory:

Hand Weapons
 a - a +0 war axe (weapon)
Missiles
 j - 2 javelins (quivered)
Armour
 c - a +0 shield (worn)
 t - a +0 chain mail (worn)
Wands
 u - a wand of fireball (12)
 x - a wand of frost (22)
Scrolls
 b - 2 scrolls of fog {unknown}
 e - 2 scrolls of teleportation {unknown}
 f - 6 scrolls of identify {unknown}
 g - a scroll of fear {unknown}
 h - 2 scrolls of amnesia {unknown}
 i - 2 scrolls of magic mapping {unknown}
 k - 2 scrolls of remove curse {unknown}
 p - 4 scrolls of recharging {unknown}
 s - a scroll of blinking {unknown}
 v - a scroll of enchant weapon {unknown}
 y - a scroll of enchant armour {unknown}
Potions
 d - 2 potions of might
 l - a potion of lignification {unknown}
 m - a potion of resistance {unknown}
 n - a potion of agility
 o - a potion of mutation {unknown}
 q - 2 potions of poison {unknown}
 r - 2 potions of heal wounds {unknown}
 z - 2 potions of cure mutation {unknown}
 B - a potion of brilliance {unknown}
 C - a potion of berserk rage {unknown}
Comestibles
 w - 2 bread rations
 A - 5 meat rations


   Skills:
 + Level 5.6 Fighting
 + Level 4.5 Axes
 + Level 5.7 Armour
 + Level 3.4 Dodging
 + Level 6.1 Shields


You had 7 spell levels left.
You didn't know any spells.

Dungeon Overview and Level Annotations

Branches:
Dungeon (6/15)
 Temple: D:4-7

Altars:
Sif Muna
Xom
The Shining One

Annotations:
D:5 Prince Ribbit


Innate Abilities, Weirdness & Mutations

You are under a permanent stasis effect.
You can dig through walls and to a lower floor.
Your four strong arms can wield two-handed weapons with a shield.
You have a pair of large antennae on your head (SInv).
You are partially covered in rugged brown scales (AC +1, +3% HP).
You are agile. (Dex +2)
You are dopey. (Int -2)
Your magical capacity is low (-10% MP).
You can spit weak poison.


Message History

The giant frog closely misses you. You block the giant frog's attack.
The giant frog hits you.
* * * LOW HITPOINT WARNING * * *
You block the giant frog's attack. You block the giant frog's attack.
The giant frog hits you but does no damage.
The giant frog hits you but does no damage.
The giant frog barely misses you. The giant frog misses you.
The giant frog closely misses you. You block the giant frog's attack.
The giant frog hits you.
* * * LOW HITPOINT WARNING * * *
You block the giant frog's attack.
The giant frog hits you but does no damage.
There is a stone staircase leading down here.
You block the giant frog's attack.
The orc warrior hits you from afar with a trident!!
You die...

#.# #.# ....... #.# #.# .......
#.######## #.# #####.# #.#......#
#.# #.#####.# ###.#.####.###.##
.........
........##.##...#######.#.#####.#
###...#.##....#.........#.# ###.#
.##.........#...#########.# #...#
..#.....###.##..@F.# #.# #.###
..#.....###.######o######.###.###
.................................
..#....###...#####.##########..##
..#........... #.# .....
.##............ #.. #..##
###..###... ### #..# ..(..# ...
...# ..##.. <[ ##.#


You could see an orc warrior and a giant frog.

Vanquished Creatures
  Sigmund (D:2)
  2 sky beasts
  Blork the orc (D:5)
  A giant frog (D:6)
  The ghost of blinkfrog the Chucker, a weakling DDHu (D:3)
  3 hounds
  A giant frog zombie (D:5)
  4 orc wizards
  An iguana (D:6)
  A worker ant (D:6)
  8 adders
  4 gnolls (D:4)
  A shadow imp (D:5)
  An adder skeleton (D:4)
  An adder zombie (D:5)
  4 worms
  A giant gecko (D:4)
  17 orcs
  5 giant cockroaches
  8 goblins
  9 hobgoblins
  3 jackals (D:1)
  8 kobolds
  3 quokkas
  3 bats
  9 giant newts
  8 rats
109 creatures vanquished.

Notes
Turn   | Place    | Note
--------------------------------------------------------------
     0 | D:1      | Proton the Formicid Fighter began the quest for the Orb.
     0 | D:1      | Reached XP level 1. HP: 18/18 MP: 1/1
   107 | D:1      | Reached XP level 2. HP: 20/24 MP: 2/2
   450 | D:2      | Noticed Sigmund
   502 | D:2      | Reached skill level 4 in Shields
   502 | D:2      | Reached XP level 3. HP: 26/29 MP: 3/3
   580 | D:3      | Reached XP level 4. HP: 24/37 MP: 4/4
   583 | D:3      | Reached skill level 1 in Dodging
   857 | D:3      | Reached XP level 5. HP: 35/42 MP: 5/5
   922 | D:3      | Noticed blinkfrog's ghost (weakling DDHu)
   932 | D:3      | Killed blinkfrog's ghost
  1175 | D:3      | Reached XP level 6. HP: 35/48 MP: 6/6
  1797 | D:2      | Killed Sigmund
  1797 | D:2      | Reached skill level 5 in Shields
  1797 | D:2      | Reached XP level 7. HP: 12/55 MP: 7/7
  2457 | D:4      | Reached skill level 5 in Armour
  2612 | D:4      | Found a shimmering altar of Xom.
  2621 | D:4      | Got a twisted robe
  2632 | D:4      | Identified the +0 robe of Fakhloo Wasu {rPois rF- Dex+3} (You found it on level 4 of the Dungeon)
  2833 | D:4      | Found a glowing golden altar of the Shining One.
  3225 | D:5      | Entered Level 5 of the Dungeon
  3267 | D:5      | Noticed Prince Ribbit
  3307 | D:4      | Reached skill level 5 in Fighting
  3782 | D:5      | Reached XP level 8. HP: 27/62 MP: 8/8
  3793 | D:5      | Gained mutation: Your magical capacity is low (-10% MP). [mutagenic meat]
  3794 | D:5      | Gained mutation: You can spit weak poison. [mutagenic meat]
  3795 | D:5      | Gained mutation: You are dopey. (Int -2) [mutagenic meat]
  3796 | D:5      | Gained mutation: You are partially covered in rugged brown scales (AC +1, +3% HP). [mutagenic meat]
  3811 | D:5      | Noticed Blork the orc
  3821 | D:5      | Killed Blork the orc
  4069 | D:6      | Found a deep blue altar of Sif Muna.
  4145 | D:6      | Gained mutation: You are agile. (Dex +2) [mutagenic meat]
  4172 | D:6      | Reached skill level 6 in Shields
  4497 | D:6      | Mangled by an orc warrior

Vault maps used:
D:1:      dpeg_arrival_arbitrary_c
D:2:      first_bread, uniq_sigmund
D:3:      kennysheep_generic_room_11
D:4:      amethyst_overflow_temple_binary
D:5:      basic_altar, portal_sewer_entry_d, uniq_blork_the_orc,
          uniq_prince_ribbit1, uniq_crazy_yiuf_cottage, uniq_grinder
D:6:      old_standard_altar

Action                   |  1- 3 |  4- 6 |  7- 9 || total
-------------------------+-------+-------+-------++-------
Melee: War axe           |    60 |   177 |   217 ||   454
Throw: Javelin           |       |     2 |       ||     2
  Eat: Beef jerky        |       |     1 |       ||     1
       Bread ration      |       |     1 |     1 ||     2
       Royal jelly       |       |       |     1 ||     1
       Chunk             |       |       |     6 ||     6
